 Dungeon Crawl Stone Soup version 0.29-a0-474-gdfe5cd140f (webtiles) character file.

Game seed: 15003598795832288352

1582 Bruhh the Insei (level 8, -8/73 HPs)
             Began as a Red Draconian Transmuter on May 24, 2022.
             Was an Initiate of Gozag.
             Mangled by a wyvern (18 damage)
             ... on level 6 of the Dungeon.
             The game lasted 00:09:38 (7269 turns).

Bruhh the Insei (Red Draconian Transmuter)          Turns: 7269, Time: 00:09:39

Health: -8/73      AC:  2    Str: 12    XL:     8   Next: 60%
Magic:  9/15       EV: 19    Int: 16    God:    Gozag
Gold:   561        SH:  0    Dex: 23    Spells: 13/17 levels left

rFire   . . .      SeeInvis .     - Unarmed
rCold   . . .      Faith    .   (shield currently unavailable)
rNeg    . . .      Spirit   .   (body armour unavailable)
rPois   .          Reflect  .   (helmet currently unavailable)
rElec   .          Harm     .   (cloak currently unavailable)
rCorr   .          Rampage  .   (gloves currently unavailable)
Will    .....                   (boots currently unavailable)
Stlth   ++........              b - amulet of regeneration
HPRegen 1.02/turn               x - +6 ring of dexterity
MPRegen 0.14/turn               s - ring of poison resistance

@: spider-form, very slightly contaminated
A: venomous fangs, (breathe fire), AC +6, tiny, unfitting armour, (fire
resistance 1), (cold-blooded)
a: End Transformation, Renounce Religion, Potion Petition, Call Merchant, Bribe
Branch


You were on level 6 of the Dungeon.
You worshipped Gozag.
Gozag was pleased with you.
You were a venomous arachnid creature.
You visited 1 branch of the dungeon, and saw 7 of its levels.

You collected 622 gold pieces.
You paid 61 gold pieces to Gozag.

Inventory:

Armour
 j - a +0 pair of gloves (melded)
Jewellery
 b - an amulet of regeneration (around neck)
 s - a ring of poison resistance (right front leg)
 x - a +6 ring of dexterity (left front leg)
 y - a ring of positive energy
Wands
 t - a wand of paralysis (13)
Scrolls
 a - a scroll of amnesia {unknown}
 c - 7 scrolls of fear {unknown}
 d - 4 scrolls of teleportation {unknown}
 f - 2 scrolls of brand weapon {unknown}
 g - 5 scrolls of identify {unknown}
 i - 2 scrolls of blinking {unknown}
 l - 2 scrolls of enchant armour {unknown}
 m - a scroll of vulnerability {unknown}
 p - 2 scrolls of summoning {unknown}
 r - a scroll of enchant weapon {unknown}
 u - 2 scrolls of magic mapping {unknown}
 w - 2 scrolls of noise {unknown}
 z - a scroll of fog {unknown}
Potions
 h - 2 potions of degeneration {unknown}
 k - 2 potions of cancellation {unknown}
 n - 2 potions of attraction {unknown}
 o - 2 potions of flight {unknown}
 q - a potion of experience {unknown}
 v - a potion of brilliance {unknown}
 A - a potion of berserk rage {unknown}


   Skills:
 + Level 7.2 Fighting
 - Level 1.7 Dodging
 + Level 7.3 Unarmed Combat
 - Level 5.0 Spellcasting
 - Level 3.0 Transmutations


You had 13 spell levels left.
You knew the following spells:

 Your Spells              Type           Power      Damage    Failure   Level
a - Beastly Appendage     Tmut           26%        N/A       13%         1
b - Spider Form           Tmut/Pois      8%         N/A       45%         3

Your spell library contained the following spells:

 Spells                   Type           Power      Damage    Failure   Level
 Wereblood                Tmut           13%        N/A       19%         2
 Sublimation of Blood     Necr           4%         N/A       43%         2
 Ice Form                 Ice/Tmut       8%         N/A       82%         4
 Blade Hands              Tmut           6%         N/A       90%         5
 Silence                  Hex/Air        2%         N/A       99%         5
 Eringya's Noxious Bog    Tmut/Pois      4%         N/A       100%        6
 Summon Hydra             Summ           2%         N/A       100%        7


Dungeon Overview and Level Annotations

Branches:
Dungeon (7/15)
 Temple: D:4-7

Altars:
Fedhas
Gozag
Hepliaklqana
Uskayaw

Shops:
D:1 :?([*   D:6 *

Annotations:
D:7 Dowan


Innate Abilities, Weirdness & Mutations

You are a venomous arachnid creature.
You have poisonous fangs.
You are tiny and dextrous.
Your spellcasting is less reliable in this form.
Your armour is entirely melded.
You are incapable of wielding weapons or throwing items.
((You can breathe blasts of fire.))
((Your fiery red scales are hard. (AC +6)))
You cannot fit into any form of body armour.
((Your flesh is heat resistant. (rF+)))
((You are cold-blooded and may be slowed by cold attacks.))


Message History

Your horns disappear.
Your talons disappear.
You see here a +0 hand axe.
The orc wizard gestures wildly while chanting.
The orc wizard flickers and vanishes!
Something completely misses you. The wyvern closely misses you.
The howler monkey hoots and howls with incredible vigour!
Things that are here:
a +0 club; a +0 short sword; a +0 leather armour The wyvern attacks as you move away!
The wyvern bites you!
The centaur shoots an arrow.
The arrow hits you!
Unknown command.
You have got your breath back.
The wyvern bites you but does no damage.
The wyvern bites you!
* * * LOW HITPOINT WARNING * * *
There is a stone staircase leading up, spattered with blood here.
Unknown command.
The wyvern bites you.
* * * LOW HITPOINT WARNING * * *
You climb upwards.
Reactivating autopickup.
There is a stone staircase leading down here.
Unknown command.
You feel better. The wyvern closely misses you. x2
Casting: Beastly Appendage (safe; 4% risk of failure)
Confirm with . or Enter, or press ? or * to list all spells.
You miscast Spider Form.
You are very lightly contaminated with residual magic.
Nothing appears to happen.
The wyvern misses you.
Unknown command.
Casting: Spider Form (dangerous; 24% risk of failure)
Confirm with . or Enter, or press ? or * to list all spells.
You turn into a venomous arachnid creature.
Your +0 pair of gloves melds into your body.
The wyvern bites you!!
* * * LOW HITPOINT WARNING * * *
The wyvern misses you.
You completely miss the wyvern. The wyvern bites you!!
You die...
Your body crumbles into a pile of gold.

#....#....######.##.##.###
####.#.###.......##......#
#.#.# #.......#####<#.#
#...# #.............#.#
###..## #.......######..#
#.....# #.......# ##.#.##
#.....# #.......# #.#...#
#.....# #..l....# ##...##
#.....# ####s#### ##.##
#..(..######.##### #.#
#............#...#####.#
##.##........##.........#
##.......###..##)..#######
##........###...##.##
#######
##..♣♣.♣♣...##).....#
#......
#....♣.♣......#..####
##.#####
#..♣.....♣.....K.# ##...##


You could see a wyvern.

Vanquished Creatures
  2 water moccasins
  2 ice beasts (D:5)
  2 ogres (D:6)
  A phantom (D:6)
  A kobold brigand (D:5)
  A bullfrog (D:6)
  A necrophage (D:6)
  A scorpion (D:7)
  A gnoll shaman (D:5)
  2 orc priests (D:6)
  5 hounds
  2 iguanas
  Jessica (D:3)
  Terence (D:2)
  7 orc wizards
  6 gnolls (D:5)
  3 adders
  A shadow imp (D:5)
  2 ufetubi (D:5)
  A worm (D:2)
  A dart slug (D:2)
  13 orcs
  7 ball pythons
  9 endoplasms
  2 giant cockroaches
  7 goblins
  7 hobgoblins
  3 quokkas
  4 bats (D:2)
  2 frilled lizards
  11 kobolds
  9 rats
118 creatures vanquished.

Notes
Turn   | Place    | Note
-------+----------+-------------------------------------------
     0 | D:1      | Bruhh the Draconian Transmuter began the quest for the Orb.
     0 | D:1      | Reached XP level 1. HP: 16/16 MP: 3/3
    45 | D:1      | Found Jymoacr Falu's Book Shop.
   267 | D:1      | Found Nuhouc's Weapon Shoppe.
   298 | D:1      | Reached XP level 2. HP: 23/23 MP: 3/5
   480 | D:1      | Found Ackof's Armour Shop.
   808 | D:1      | Found Rugit's Magic Scroll Shop.
   866 | D:1      | Found a faded altar of an unknown god.
   891 | D:1      | Found Bagheuj's General Store.
  1447 | D:2      | Reached XP level 3. HP: 25/29 MP: 4/6
  1561 | D:2      | Noticed Terence
  1619 | D:1      | Learned a level 3 spell: Spider Form
  1626 | D:2      | Killed Terence
  1630 | D:2      | Reached XP level 4. HP: 12/36 MP: 4/7
  2134 | D:2      | Found a hazy altar of Hepliaklqana.
  2149 | D:2      | Got Sif Muna's Almanac of Unstable Bewitchment
  2433 | D:3      | Noticed Jessica
  2444 | D:3      | Killed Jessica
  2989 | D:3      | Reached XP level 5. HP: 40/44 MP: 7/9
  3649 | D:4      | Found an opulent altar of Gozag.
  3657 | D:4      | Became a worshipper of Gozag Ym Sagoz the Greedy
  3887 | D:5      | Entered Level 5 of the Dungeon
  3938 | D:5      | Noticed an ice beast
  3951 | D:5      | Killed an ice beast
  3952 | D:5      | Reached XP level 6. HP: 18/51 MP: 7/11
  4647 | D:5      | Noticed an ice beast
  4656 | D:5      | Killed an ice beast
  4661 | D:5      | Reached skill level 5 in Unarmed Combat
  4661 | D:5      | Your scales start taking on a fiery red colour.
  4661 | D:5      | Reached XP level 7. HP: 46/60 MP: 8/13
  4661 | D:5      | Gained mutation: Your flesh is heat resistant. (rF+) [Red
                  | Draconian growth]
  5617 | D:6      | Reached skill level 5 in Fighting
  5759 | D:6      | Reached skill level 5 in Spellcasting
  5759 | D:6      | Reached XP level 8. HP: 70/70 MP: 8/15
  5965 | D:6      | Found a blossoming altar of Fedhas.
  6752 | D:6      | Found Geleim's Assorted Antiques.
  6945 | D:7      | Found a hide-covered altar of Uskayaw.
  6945 | D:7      | Noticed a +0 dagger
  6945 | D:7      | Noticed a +0 dagger
  6945 | D:7      | Noticed a +0 falchion
  6946 | D:7      | Noticed a +0 short sword
  6947 | D:7      | Noticed a +0 spear
  6948 | D:7      | Noticed a +0 short sword
  6949 | D:7      | Noticed a +0 falchion
  6949 | D:7      | Noticed a +0 spear
  7237 | D:7      | Noticed Dowan
  7269 | D:6      | Mangled by a wyvern

Illustrated notes

Levels and vault maps discovered:
D:1:      dpeg_arrival_pond, layout_basic, serial_shops, nicolae_square_shop,
          nicolae_shop_waterfront, nicolae_shop_waterfront, shop, shop,
          chequers_ecumenical_altar_lobes, minmay_rat_gold_closets
D:2:      layout_loops_ring, basic_altar, uniq_terence
D:3:      layout_loops_ring, minmay_box_of_dots, uniq_jessica
D:4:      layout_cave_pools, mainiacjoe_overflow_24_doors
D:5:      layout_basic
D:6:      layout_loops_cross, mainiacjoe_overflow_small_starburst, serial_shops,
          shop_statue, grunt_ministairs_14
D:7:      layout_cave_pools, nicolae_uskayaw_en_pointe,
          minmay_temple_entry_glassed_door, uniq_duvessa

Skill      XL: |  1  2  3  4  5  6  7  8 |
---------------+-------------------------+-----
Fighting       | 2 3 4 5 7 |  7.2
Transmutations | 3 |  3.0
Spellcasting   | 3 4 5 |  5.0
Unarmed Combat | 4 5 6 7 |  7.3
Dodging        | |  1.7

Action                   |  1- 3 |  4- 6 |  7- 9 || total
-------------------------+-------+-------+-------++-------
Melee: Unarmed           |    92 |   133 |   154 ||   379
       Kick              |    14 |    27 |    25 ||    66
       Headbutt          |     9 |    12 |    14 ||    35
       Punch             |     1 |     3 |     7 ||    11
       Tailslap          |     8 |     9 |    16 ||    33
 Cast: Beastly Appendage |    22 |    32 |    13 ||    67
       Spider Form       |     1 |     4 |     6 ||    11
 Abil: Breathe Fire      |       |       |     1 ||     1
Evoke: Wand              |       |     9 |       ||     9
  Use: Potion            |       |     3 |     4 ||     7
Armor: Skin              |    26 |    53 |    55 ||   134
Dodge: Dodged            |    58 |    69 |   120 ||   247

Table legend: (Time is in decaauts)
 A = Elapsed time spent in this place.
 B = Non-inter-level travel time spent in this place.
 C = Inter-level travel time spent in this place.
 D = Time resting spent in this place.
 E = Time spent auto-exploring this place.
 F = Levels seen in this place.
 G = Mean time per level.
                   A        B        C        D        E       F      G
               +--------+--------+--------+--------+--------+-----+--------+
         Total |   7256 |   7128 |    128 |   1018 |   4987 |   7 | 1036.6 |
       Dungeon |   7256 |   7128 |    128 |   1018 |   4987 |   7 | 1036.6 |
               +--------+--------+--------+--------+--------+-----+--------+

Top non-repeatable levels by time:
     D:5: 1807 daAuts
     D:2: 1210 daAuts
     D:1: 1180 daAuts
     D:6: 1144 daAuts
     D:3: 908 daAuts
     D:4: 815 daAuts
     D:7: 189 daAuts
